 Dungeon Crawl Stone Soup version 0.32-a0-685-g93135e86f0 (webtiles) character file.

Game seed: 16619477640081485001

20 javelincjr the Grasshopper (level 2, 0/23 HPs)
             Began as a Demonspawn Warper on Mar 12, 2024.
             Frozen to death by an endoplasm (5 damage)
             ... on level 2 of the Dungeon.
             The game lasted 00:03:38 (1199 turns).

javelincjr the Grasshopper (Demonspawn Warper)      Turns: 1199, Time: 00:03:38

Health: 0/23       AC:  5    Str: 11    XL:     2   Next: 58%
Magic:  2/5        EV: 11    Int: 13    God:
Gold:   50         SH:  0    Dex: 12    Spells: 1/5 levels left

rFire   . . .        a - +0 spear
rCold   . . .        (no shield)
rNeg    . . .        l - +0 ring mail
rPois   .            (no helmet)
rElec   .            (no cloak)
rCorr   .            (no gloves)
SInv    .            (no boots)
Will    .....        (no amulet)
Stlth   +            (no ring)
HPRegen 0.23/turn    (no ring)
MPRegen 0.09/turn

%: no passive effects
@: no status effects
A: sturdy frame 1
a: no special abilities


You were on level 2 of the Dungeon.
You visited 1 branch of the dungeon, and saw 2 of its levels.

You collected 50 gold pieces.

Inventory:

Hand Weapons
 a - a +0 spear (weapon)
Missiles
 d - 7 darts of dispersal
 h - 3 javelins
 o - 5 boomerangs (quivered)
Armour
 b - a +0 leather armour
 f - a +0 kite shield
 l - a +0 ring mail (worn)
Scrolls
 c - a scroll of blinking
 g - a scroll of revelation {unknown}
 i - a scroll of identify {unknown}
 k - a scroll of poison {unknown}
 m - a scroll of amnesia {unknown}
Potions
 j - a potion of mutation {unknown}
 n - a potion of lignification {unknown}


   Skills:
 * Level 2.4 Fighting
 + Level 1.9 Polearms
 - Level 0.8 Throwing
 + Level 1.1 Armour
 + Level 1.9 Dodging
 + Level 0.3 Shields
 + Level 2.1 Spellcasting
 + Level 2.8 Translocations


You had one spell level left.
You knew the following spells:

 Your Spells              Type           Power      Damage    Failure   Level
a - Blink                 Tloc           16%        N/A       19%         2
b - Lesser Beckoning      Tloc           16%        N/A       19%         2

Your spell library contained the following spells:

 Spells                   Type           Power      Damage    Failure   Level
 Teleport Other           Tloc           8%         N/A       36%         3
 Manifold Assault         Tloc           8%         N/A       77%         4
 Vhi's Electric Charge    Tloc/Air       10%        N/A       91%         4


Dungeon Overview and Level Annotations

Branches:
Dungeon (2/15)

Altars:

Annotations:
D:2 Terence


Innate Abilities, Weirdness & Mutations

Your movements are slightly less encumbered by armour. (ER -2)


Message History

The frilled lizard is heavily wounded.
The frilled lizard bites you but does no damage.
The endoplasm hits you but does no damage.
The hobgoblin hits you.
A kobold comes into view. It is wielding a +0 dagger.
Terence shouts, "Now you die!" The quokka barely misses you.
You hit the frilled lizard.
You kill the frilled lizard!
The endoplasm misses you. The hobgoblin closely misses you.
The quokka completely misses you.
You closely miss the hobgoblin.
You feel ready to blink again. The endoplasm freezes you.
You are frozen.
* * * LOW HITPOINT WARNING * * *
The hobgoblin hits you but does no damage.
Terence barely misses you. The quokka closely misses you.
Casting: Blink (safe; 19% risk of failure)
Confirm with . or Enter, or press ? or * to list all spells.
You don't have enough magic to cast this spell.
It was a potion of curing.
You feel better. The endoplasm freezes you.
You are frozen.
The hobgoblin barely misses you.
Terence says, "Rest in peace."
Terence closely misses you.
The quokka bites you but does no damage.
You hit the hobgoblin but do no damage.
The quokka bites you but does no damage.
The endoplasm closely misses you. The hobgoblin barely misses you.
Terence hits you with a +0 mace.
The quokka bites you but does no damage.
Your magical contamination has completely faded away.
You barely miss the hobgoblin. The endoplasm hits you. The hobgoblin hits you.
* * * LOW HITPOINT WARNING * * *
Terence closely misses you. The quokka barely misses you.
You hit the hobgoblin but do no damage. The endoplasm freezes you.
You are frozen.
You die...

##+# .... .#
..... .#
.....#####.#
.....KJ@...####
......r@g.....#
..............#
...!...<...<..#
..............#
..............#
.........######
....###### ....


You could see Terence, an endoplasm, a quokka, a hobgoblin and a kobold.

Vanquished Creatures
  A dart slug (D:1)
  3 endoplasms
  2 goblins (D:1)
  2 hobgoblins (D:1)
  2 quokkas (D:1)
  2 ball pythons (D:1)
  2 bats (D:1)
  A frilled lizard (D:2)
  A kobold (D:1)
  A rat (D:1)
17 creatures vanquished.

Notes
Turn   | Place    | Note
-------+----------+-------------------------------------------
     0 | D:1      | javelincjr the Demonspawn Warper began the quest for the
                  | Orb.
     0 | D:1      | Reached XP level 1. HP: 16/16 MP: 3/3
    49 | D:1      | Reached skill level 1 in Armour
   205 | D:1      | Gained mutation: Your movements are slightly less
                  | encumbered by armour. (ER -2) [demonic ancestry]
   205 | D:1      | Reached XP level 2. HP: 19/22 MP: 5/5
   232 | D:1      | Learned a level 2 spell: Blink
   235 | D:1      | Learned a level 2 spell: Lesser Beckoning
  1122 | D:2      | Found a faded altar of an unknown god.
  1182 | D:2      | Noticed Terence
  1199 | D:2      | Frozen to death by an endoplasm

Illustrated notes

Levels and vault maps discovered:
D:1:      eino_arrival_water_cross, layout_basic
D:2:      layout_basic, nicolae_ecumenical_oubliette, uniq_terence

Skill      XL: |  1 |
---------------+----+-----
Armour         | 1 |  1.1
Fighting       | |  2.4
Polearms       | |  1.9
Throwing       | |  0.8
Dodging        | |  1.9
Shields        | |  0.3
Spellcasting   | |  2.1
Translocations | |  2.8

Action                     || total
---------------------------++-------
  Melee: Spear             ||    78
   Cast: Blink             ||     2
    Use: Potion            ||     1
 Armour: Leather armour    ||    13
         Ring mail         ||    33
  Dodge: Dodged            ||    68

Table legend: (Time is in decaauts)
 A = Elapsed time spent in this place.
 B = Non-inter-level travel time spent in this place.
 C = Inter-level travel time spent in this place.
 D = Time resting spent in this place.
 E = Time spent auto-exploring this place.
 F = Levels seen in this place.
 G = Mean time per level.
                   A        B        C        D        E       F      G
               +--------+--------+--------+--------+--------+-----+--------+
         Total |   1199 |   1121 |     78 |      0 |    864 |   2 |  599.5 |
       Dungeon |   1199 |   1121 |     78 |      0 |    864 |   2 |  599.5 |
               +--------+--------+--------+--------+--------+-----+--------+

Top non-repeatable levels by time:
     D:1: 1175 daAuts
     D:2: 23 daAuts
